Map: Ascension to Aiur LE

Players

Namshar

  • Race: Zerg Zerg
  • League: Master
  • Spawn Location: 5:00

Elazer - Winner!

  • Race: Zerg Zerg
  • League: Master
  • Spawn Location: 11:00

Event: WESG Barcelona European Finals 2017

VOD

Have the link to the VOD?

Description

Time

  • Played on: Nov. 23, 2017, 9 a.m.
  • Length: 9:54

All games in this series

Show
View Real Time Build Order
Export as new Build Order

Namshar Zerg 

Build Orders: Hatch First 

Get SALT Encoding   

  12  0:00  Drone  
  13  0:12  Overlord  
  13  0:17  Drone  
  14  0:30  Drone x2  
  14  0:34  Drone  
  17  0:51  Hatchery  
  17  0:54  Drone  
  17  0:57  Drone  
  18  1:07  Extractor  
  17  1:12  Spawning Pool  
  17  1:15  Drone  
  17  1:18  Drone  
  18  1:27  Drone  
  19  1:38  Overlord  
  19  1:49  Drone  
  20  2:00  Zergling x2, Queen  
  23  2:03  Zergling x2, Queen  
  23  2:07  Metabolic Boost  
  26  2:11  Spine Crawler  
  26  2:14  Drone  
  26  2:17  Drone  
  27  2:24  Drone  
  28  2:32  Drone x2, Baneling Nest  
  30  2:39  Drone  
  30  2:44  Drone  
  32  2:53  Hatchery  
  32  2:57  Zergling x2  
  32  2:59  Overlord  
  32  3:02  Drone  
  33  3:06  Drone  
  33  3:12  Drone x2  
  36  3:17  Drone x2  
  36  3:18  Drone  
  39  3:20  Overlord  
  39  3:25  Baneling x2  
  39  3:26  Zergling x2  
  40  3:29  Drone x2  
  42  3:36  Zergling x2  
  42  3:38  Zergling x2  
  44  3:44  Queen, Drone  
  44  3:45  Drone  
  44  3:46  Drone  
  44  3:47  Overlord  
  49  3:53  Drone x3  
  51  4:01  Evolution Chamber  
  50  4:02  Roach Warren  
  50  4:06  Extractor  
  50  4:08  Drone  
  50  4:09  Drone x3  
  53  4:10  Drone  
  53  4:14  Drone x3  
  56  4:19  Lair  
  56  4:22  Drone  
  56  4:23  Drone  
  57  4:31  Zerg Missile Weapons Level 1  
  57  4:34  Drone, Extractor  
  57  4:35  Drone x3  
  60  4:39  Zergling x2  
  60  4:40  Zergling x2  
  60  4:43  Overlord  
  60  4:44  Overlord  
  62  4:56  Drone x2  
  62  4:57  Drone x2  
  62  4:59  Overlord x3  
  66  5:03  Drone x6  
  71  5:11  Drone  
  71  5:13  Extractor  
  70  5:16  Glial Reconstitution  
  70  5:19  Drone  
  72  5:21  Drone, Hatchery  
  72  5:26  Extractor  
  72  5:27  Drone, Extractor  
  70  5:32  Drone x3, Evolution Chamber  
  70  5:33  Drone x3  
  70  5:34  Drone  
  70  5:35  Overlord  
  76  5:36  Roach x2  
  76  5:39  Queen  
  82  5:44  Overlord  
  82  5:45  Roach  
  82  5:46  Roach  
  86  5:58  Roach x5  
  94  6:12  Roach x8  
  110  6:23  Roach x3  
  116  6:31  Roach x2  
  116  6:32  Zerg Missile Weapons Level 2, Zerg Ground Armor Level 1  
  120  6:33  Overlord  
  119  6:43  Ravager x3  
  119  6:44  Roach x3  
  128  6:54  Roach x4  
  136  6:55  Queen  
  136  7:03  Queen  
  134  7:10  Drone  
  134  7:15  Drone  
  135  7:16  Overlord x5  
  129  7:28  Drone x6  
  129  7:36  Roach x13  
  155  7:38  Burrow  
  155  7:39  Tunneling Claws  
  155  7:47  Roach x4  
  159  7:54  Roach x3  
  152  8:03  Roach x4  
  137  8:10  Roach x3  
  142  8:13  Ravager  
  142  8:15  Ravager  
  141  8:21  Roach x5  
  148  8:27  Ravager x2  
  143  8:34  Roach  
  143  8:35  Roach x4  
  143  8:40  Drone x4  
  155  8:42  Drone  
  155  8:46  Ravager  
  155  8:48  Roach x2  
  161  8:56  Queen  
  163  9:08  Roach x7  
  159  9:16  Roach x5  
  155  9:22  Drone x7  
  125  9:25  Roach x5  
  113  9:32  Roach  
  113  9:33  Roach x2  
Show
View Real Time Build Order
Export as new Build Order

Elazer Zerg - Winner!

Build Orders: Hatch First 

Get SALT Encoding   

  12  0:00  Drone  
  13  0:12  Overlord  
  13  0:17  Drone  
  14  0:30  Drone x2  
  14  0:34  Drone  
  17  0:50  Hatchery  
  17  0:54  Drone  
  17  0:57  Drone  
  17  1:01  Extractor  
  17  1:12  Spawning Pool  
  17  1:16  Drone  
  17  1:19  Drone  
  18  1:28  Drone  
  19  1:39  Overlord  
  19  1:49  Drone  
  20  1:59  Queen  
  20  2:00  Drone  
  23  2:03  Queen  
  23  2:04  Metabolic Boost  
  23  2:05  Drone  
  26  2:11  Zergling x2  
  26  2:14  Drone  
  28  2:21  Drone  
  29  2:25  Drone  
  30  2:32  Drone  
  31  2:37  Hatchery  
  31  2:39  Drone  
  31  2:44  Drone  
  32  2:46  Drone  
  32  2:50  Baneling Nest  
  32  2:54  Zergling x2  
  32  2:57  Overlord  
  33  3:06  Drone  
  33  3:07  Drone x2  
  36  3:14  Queen  
  36  3:15  Drone x2  
  36  3:18  Zergling x4  
  42  3:22  Zergling x2  
  42  3:23  Drone  
  44  3:38  Overlord, Extractor  
  44  3:39  Evolution Chamber  
  44  3:40  Drone x2  
  44  3:50  Drone x5  
  44  3:51  Drone  
  50  3:57  Overlord  
  50  4:01  Drone x3  
  53  4:04  Overlord  
  53  4:06  Zerg Missile Weapons Level 1  
  53  4:07  Lair  
  53  4:12  Extractor  
  53  4:13  Drone  
  53  4:16  Roach Warren  
  52  4:17  Drone  
  52  4:20  Drone x2  
  56  4:24  Drone x2  
  56  4:27  Drone x2  
  56  4:30  Drone x2  
  61  4:32  Drone  
  61  4:33  Drone  
  61  4:36  Pneumatized Carapace  
  61  4:37  Drone  
  63  4:41  Overlord  
  63  4:45  Drone x3  
  66  4:48  Drone  
  66  4:49  Drone x2  
  69  4:53  Drone x2  
  69  4:55  Overlord  
  69  4:58  Drone x2  
  69  4:59  Drone  
  74  5:00  Drone  
  74  5:02  Baneling x3  
  74  5:03  Baneling  
  75  5:07  Glial Reconstitution  
  75  5:09  Overlord  
  75  5:12  Drone x2, Extractor  
  75  5:13  Extractor  
  75  5:19  Roach x3  
  81  5:22  Overlord  
  81  5:23  Roach x2  
  85  5:30  Hatchery  
  85  5:34  Roach x3  
  90  5:41  Overlord x2  
  90  5:42  Roach x2  
  94  5:47  Roach x3  
  94  5:48  Roach  
  102  5:51  Overlord  
  102  5:54  Evolution Chamber  
  101  5:59  Roach x4  
  101  6:01  Zerg Missile Weapons Level 2  
  107  6:06  Roach x3  
  112  6:12  Overlord  
  112  6:14  Roach x3  
  112  6:18  Baneling x2  
  118  6:23  Zerg Ground Armor Level 1, Overlord  
  118  6:25  Roach x2  
  122  6:32  Roach x3  
  128  6:39  Roach  
  131  6:40  Roach x2  
  131  6:46  Roach x2  
  131  6:47  Roach x4  
  145  6:54  Roach  
  145  6:55  Roach x2  
  151  7:07  Roach x3  
  151  7:10  Overlord x2  
  149  7:16  Overlord  
  149  7:17  Roach  
  149  7:18  Overlord  
  149  7:24  Roach  
  149  7:25  Roach x4  
  149  7:30  Roach x9  
  149  7:36  Overlord  
  167  7:37  Roach x2  
  171  7:48  Roach x7  
  179  8:01  Roach x7  
  155  8:13  Roach  
  155  8:14  Roach x9  
  173  8:21  Roach x3  
  173  8:24  Roach  
  179  8:34  Roach x3  
  181  8:40  Roach x3  
  183  8:44  Roach  
  183  8:45  Overlord  
  183  8:46  Ravager  
  184  8:56  Overlord  
  180  9:06  Overseer  
  180  9:08  Roach x11  
  174  9:19  Roach x6  
  174  9:24  Roach x2  
  176  9:27  Roach  
Tags
 
Add a new tag
Caveats
  • Supply blocks, unpowered buildings, or Contaminate may cause inaccurate times.
  • Supply counts are checked every 10 seconds.